 Dungeon Crawl Stone Soup version 0.18.1-47-g9310371 (webtiles) character file.

371 Shtopit the Covered (level 6, 0/51 HPs)
             Began as a Demigod Skald on June 18, 2016.
             Slain by an ogre
             ... wielding a +0 giant club
              (3 damage)
             ... on level 4 of the Dungeon.
             The game lasted 00:11:31 (4361 turns).

Shtopit the Covered (Demigod Skald)                 Turns: 4361, Time: 00:11:32

Health: 0/51       AC: 11    Str: 19    XL:     6   Next: 18%
Magic:  11/11      EV:  8    Int: 16    God:
Gold:   145        SH:  0    Dex: 15    Spells: 2 memorised, 4 levels left

rFire  . . .     SeeInvis +     a - +0 falchion
rCold  . . .     Gourm    .     r - +0 chain mail
rNeg   . . .     Faith    .     (no shield)
rPois  .         Spirit   .     u - +1 hat {SInv}
rElec  .         Dismiss  .     (no cloak)
rCorr  .         Reflect  .     (no gloves)
SustAt +         Harm     .     q - +0 pair of boots
MR     .....                    (no amulet)
Stlth  ..........               (no ring)
                                (no ring)

@: not resistant to hostile enchantments, extremely unstealthy
A: high mp 1, sustain attributes
a: no special abilities


You were on level 4 of the Dungeon.
You were not hungry.

You visited 1 branch of the dungeon, and saw 4 of its levels.

You collected 145 gold pieces.

Inventory:

Hand Weapons
 a - a +0 falchion (weapon)
 y - a +2 dagger of electrocution
Missiles
 g - 24 poisoned needles
 p - 2 javelins (quivered)
Armour
 b - a +0 leather armour
 q - a +0 pair of boots (worn)
 r - a +0 chain mail (worn)
 u - a +1 hat of see invisible (worn)
Jewellery
 x - an uncursed amulet of magic regeneration {unknown}
 z - an uncursed amulet of rage {unknown}
 B - a +3 ring of intelligence {unknown}
Scrolls
 f - a scroll of fog {unknown}
 h - a scroll of remove curse {unknown}
 j - a scroll of enchant armour {unknown}
 l - 3 scrolls of teleportation {unknown}
 m - 2 scrolls of identify {unknown}
Potions
 e - 2 potions of lignification {unknown}
 i - 3 potions of degeneration {unknown}
 n - 2 potions of cancellation {unknown}
 s - a potion of cure mutation {unknown}
 t - a potion of invisibility {unknown}
 v - 2 potions of might {unknown}
Books
 c - a book of Battle

   Spells                             Type                      Level
   a - Infusion                       Charms                       1
   b - Shroud of Golubria             Charms/Translocation         2
   c - Song of Slaying                Charms                       2
   d - Spectral Weapon                Hexes/Charms                 3
   e - Regeneration                   Charms/Necromancy            3
 k - a book of Maledictions

   Spells                             Type                      Level
   a - Corona                         Hexes                        1
   b - Ensorcelled Hibernation        Hexes/Ice                    2
   c - Confuse                        Hexes                        3
   d - Tukima's Dance                 Hexes                        3
   e - Dazzling Spray                 Conjuration/Hexes            3
Comestibles
 d - 4 bread rations
 o - 3 fruits
 w - 10 chunks of flesh
 A - a beef jerky


   Skills:
 + Level 3.1 Fighting
 + Level 2.6 Long Blades
 + Level 3.4 Armour
 + Level 3.0 Dodging
 + Level 0.4 Stealth
 + Level 1.9 Spellcasting
 + Level 3.1 Charms


You had 4 spell levels left.
You knew the following spells:

 Your Spells              Type           Power        Failure   Level  Hunger
a - Infusion              Chrm           ##..         71%         1    #......
b - Regeneration          Chrm/Necr      #.........   100%        3    ###....


Dungeon Overview and Level Annotations

Branches:
Dungeon (4/15)
 Temple: D:4-7


Innate Abilities, Weirdness & Mutations

You have an increased reservoir of magic (+10% MP).
Your attributes are resistant to harm.


Message History

The ogre is lightly wounded.
The ogre hits you with a giant club!!
You slash the ogre!
The ogre is heavily wounded.
The ogre hits you with a giant club!
* * * LOW HITPOINT WARNING * * *
You slash the ogre!
The ogre is severely wounded.
The ogre hits you but does no damage.
You barely miss the ogre.
The ogre is severely wounded.
The ogre hits you with a giant club!
* * * LOW HITPOINT WARNING * * *
You hit the ogre.
The ogre is almost dead.
The ogre closely misses you.
You hit the ogre but do no damage.
The ogre is almost dead.
The ogre hits you with a giant club.
You die...

.......>............#### #.##.
#################......#####...†
#.#..#.##.......
########'##.#.##.....##
..........#.#.##.....##
#.#######...#.#.##.....##
#...........+...###'#'###
########....#.### #.#.# #
......O@...#.. #.#.# #
#######....# #.#.# #.#### #. #.#
..# ..# ..# ##.#


You could see an ogre.

Vanquished Creatures
  A giant frog (D:3)
  A gnoll shaman (D:3)
  A hound (D:3)
  A centaur skeleton (D:3)
  Jessica (D:3)
  Terence (D:2)
  An orc wizard (D:4)
  4 gnolls
  2 adders
  2 worms
  3 dart slugs
  2 giant geckos (D:3)
  3 orcs (D:4)
  5 ball pythons
  7 giant cockroaches
  7 goblins
  5 hobgoblins
  4 jackals (D:1)
  A quokka (D:2)
  8 bats
  4 giant newts
  7 kobolds
  9 rats
80 creatures vanquished.

Notes
Turn   | Place    | Note
--------------------------------------------------------------
     0 | D:1      | Shtopit the Demigod Skald began the quest for the Orb.
     0 | D:1      | Reached XP level 1. HP: 17/17 MP: 5/5
    39 | D:1      | Reached skill level 1 in Dodging
    43 | D:1      | Reached skill level 1 in Armour
   411 | D:1      | Reached XP level 2. HP: 8/24 MP: 0/7
  1555 | D:1      | Reached XP level 3. HP: 29/29 MP: 4/8
  2067 | D:2      | Learned a level 3 spell: Regeneration
  2468 | D:2      | Noticed Terence
  2488 | D:2      | Killed Terence
  2488 | D:2      | Reached XP level 4. HP: 30/37 MP: 9/9
  2965 | D:3      | Found a sacrificial altar of Ru.
  3280 | D:3      | Noticed Jessica
  3291 | D:3      | Killed Jessica
  3292 | D:3      | Reached XP level 5. HP: 31/42 MP: 10/10
  4142 | D:4      | Reached XP level 6. HP: 47/50 MP: 11/11
  4246 | D:4      | Found a shattered altar of Ashenzari.
  4359 | D:4      | HP: 2/51 [ogre/giant club (10)]
  4361 | D:4      | Slain by an ogre

Skill      XL: |  1  2  3  4  5  6 |
---------------+-------------------+-----
Dodging        | 1 2 3 |  3.0
Armour         | 1 2 3 |  3.4
Fighting       | 2 3 |  3.1
Long Blades    | 2 |  2.6
Charms         | 3 |  3.1
Stealth        | |  0.4
Spellcasting   | |  1.9

Action                   |  1- 3 |  4- 6 || total
-------------------------+-------+-------++-------
Melee: Falchion          |   199 |   199 ||   398
 Cast: Infusion          |     4 |       ||     4
 Stab: Distracted        |       |     1 ||     1
  Eat: Chunk             |     5 |     7 ||    12
Armor: Leather armour    |    19 |       ||    19
       Scale mail        |    36 |       ||    36
       Chain mail        |    32 |   148 ||   180
Dodge: Dodged            |   120 |    93 ||   213
